 Dungeon Crawl Stone Soup version 0.21-a0-215-g0631661 (webtiles) character file.

56 DeloreanTremens the Skirmisher (level 3, -1/33 HPs)
             Began as a Hill Orc Fighter on Aug 23, 2017.
             Slain by an adder (3 damage)
             ... on level 2 of the Dungeon.
             The game lasted 00:04:44 (1825 turns).

DeloreanTremens the Skirmisher (Hill Orc Fighter)   Turns: 1825, Time: 00:04:45

Health: -1/33      AC:  6    Str: 19    XL:     3   Next: 95%
Magic:  3/3        EV:  7    Int:  8    God:
Gold:   45         SH:  9    Dex: 10    Spells: 2/2 levels left

rFire    . . .     SeeInvis .   a - +0 flail
rCold    . . .     Gourm    +   c - +0 shield
rNeg     . . .     Faith    .   b - +0 scale mail
rPois    .         Spirit   .   (no helmet)
rElec    .         Reflect  .   (no cloak)
rCorr    .         Harm     .   (no gloves)
MR       .....                  (no boots)
Stlth    ..........             e - amulet of the gourmand
HPRegen  0.11/turn              (no ring)
MPRegen  0.08/turn              (no ring)

@: lethally poisoned (-1 -> -10)
A: no striking features
a: no special abilities


You were on level 2 of the Dungeon.
You were completely stuffed.

You visited 1 branch of the dungeon, and saw 2 of its levels.

You collected 45 gold pieces.

Inventory:

Hand Weapons
 a - a +0 flail (weapon)
Missiles
 g - 12 javelins (quivered)
Armour
 b - a +0 scale mail (worn)
 c - a +0 shield (worn)
Jewellery
 e - an amulet of the gourmand (around neck)
Scrolls
 j - 3 scrolls of identify
 p - a scroll of fear
 q - a scroll of amnesia
 r - a scroll of blinking {unknown}
 s - 2 scrolls of magic mapping {unknown}
Potions
 d - a potion of might
 h - 2 potions of flight
 k - 2 potions of curing {unknown}
 l - a potion of agility {unknown}
 m - a potion of invisibility {unknown}
 n - a potion of degeneration {unknown}
Comestibles
 f - a bread ration
 i - 2 royal jellies


   Skills:
 + Level 4.3 Fighting
 * Level 3.8 Maces & Flails
 - Level 3.4 Armour
 - Level 3.2 Shields


You had 2 spell levels left.
You didn't know any spells.

Dungeon Overview and Level Annotations

Branches:
Dungeon (2/15)

Altars:


Message History

The adder barely misses you.
You closely miss the adder.
The adder is heavily wounded.
You feel sick. You block the adder's attack. The adder bites you.
* * * LOW HITPOINT WARNING * * *
Your scale mail prevents you from hitting the adder.
The adder is heavily wounded.
* * * LOW HITPOINT WARNING * * *
You feel sick. The adder bites you but does no damage.
You hit the adder.
The adder is almost dead.
* * * LOW HITPOINT WARNING * * *
You feel sick. The adder bites you.
* * * LOW HITPOINT WARNING * * *
You block the adder's attack.
You hit the adder but do no damage.
The adder is almost dead.
* * * LOW HITPOINT WARNING * * *
You feel sick. The adder bites you.
You die...

#.#....###.. #....#
#.#....# #.. #....#
#.#....# #.. #....#
#.#....###.. #....#
#.#....#.... ####....#
#.#....#.... .......#
#.###.##.... #.S..#
#.###..'.... #@#
#....###....
####.########.###....
.#..............##....
............)###.#######
...........#.####.......
##.#######.#.#..'.......
# #.#.#.##.......
#.#.#.##.......
####'#.#.##.......


You could see an adder.

Vanquished Creatures
  An adder (D:2)
  A worm (D:2)
  2 dart slugs
  A leopard gecko (D:1)
  A giant cockroach (D:2)
  4 goblins
  7 hobgoblins (D:1)
  5 kobolds
  A quokka (D:2)
  6 bats
  7 frilled lizards
  4 rats (D:1)
  2 plants (D:1)
42 creatures vanquished.

Notes
Turn   | Place    | Note
-------+----------+-------------------------------------------
     0 | D:1      | DeloreanTremens the Hill Orc Fighter began the quest for the Orb.
     0 | D:1      | Reached XP level 1. HP: 19/19 MP: 1/1
   222 | D:1      | Reached XP level 2. HP: 18/27 MP: 2/2
   718 | D:1      | Reached skill level 4 in Fighting
   727 | D:1      | Reached XP level 3. HP: 33/33 MP: 3/3
  1825 | D:2      | Slain by an adder

Vault maps used:
D:1:      dpeg_arrival_morbid_curiosity, hangedman_abyss_or_decor_stabs,
          nrook_uturn, serial_bayou_lagoon_a

Skill      XL: |  1  2 |
---------------+-------+-----
Maces & Flails | 3 |  3.8
Fighting       | 4 |  4.3
Armour         | |  3.4
Shields        | |  3.2

Action                   || total
-------------------------++-------
Melee: Flail             ||   184
       Whip              ||    62
  Use: Scroll            ||     4
  Eat: Chunk             ||    14
Armor: Scale mail        ||    66
Dodge: Dodged            ||    53
Block: Shield            ||    94

Table legend:
 A = Spawn XP
 B = Non-spawn XP
 C = Spawn XP percentage of total XP
 D = Spawn monster count
 E = Non-spawn monster count
 F = Spawn count percentage of total count
 G = Total turns spent on level
                    A         B        C        D         E        F      G
               +---------+---------+-------+---------+---------+-------+---------
         Total |       6 |      74 |   7.5 |       4 |      36 |  10.0 |  1825
               +---------+---------+-------+---------+---------+-------+---------
           D:1 |       5 |      39 |  11.4 |       3 |      23 |  11.5 |  1103
           D:2 |       1 |      35 |   2.8 |       1 |      13 |   7.1 |   722
               +---------+---------+-------+---------+---------+-------+---------
